 Dungeon Crawl Stone Soup version 0.29.1 (webtiles) character file.

Game seed: 5436169613415137169

102 qw the Chopper (level 4, -8/28 HPs)
             Began as a Gargoyle Fighter on Sept 13, 2022.
             Killed from afar by Ijyb (14 damage)
             ... with a bolt of light
             ... on level 3 of the Dungeon.
             The game lasted 00:00:54 (2523 turns).

qw the Chopper (Gargoyle Fighter)                   Turns: 2523, Time: 00:00:54

Health: -8/28      AC: 12    Str: 22    XL:     4   Next: 78%
Magic:  4/4        EV:  7    Int:  8    God:
Gold:   81         SH:  4    Dex:  9    Spells: 3/3 levels left

rFire   . . .      SeeInvis .   Y - +0 war axe
rCold   . . .      Faith    .   c - +0 buckler
rNeg    + . .      Spirit   .   j - +0 chain mail
rPois   inf        Reflect  .   (no helmet)
rElec   +          Harm     .   (no cloak)
rCorr   .          Rampage  .   (no gloves)
Will    .....                   (no boots)
Stlth   ..........              (no amulet)
HPRegen 0.09/turn               b - +4 ring of slaying {mikee}
MPRegen 0.09/turn               (no ring)

@: about to teleport
A: sickness immunity, AC +3, negative energy resistance 1, electricity
resistance, torment resistance 1, petrification resistance
a: no special abilities


You were on level 3 of the Dungeon.
You visited 1 branch of the dungeon, and saw 3 of its levels.

You collected 109 gold pieces.
You spent 28 gold pieces at shops.


Innate Abilities, Weirdness & Mutations

You are immune to sickness and miasma.
Your stone body is resilient. (AC +3)
You are immune to poison.
You resist negative energy. (rN+)
You are resistant to electric shocks. (rElec)
You are resistant to unholy torment.
You are immune to petrification.


   Skills:
 - Level 3.2 Fighting
 + Level 4.4 Axes
 - Level 3.2 Armour
 - Level 3.2 Shields


You had 3 spell levels left.
You didn't know any spells.
Your spell library was empty.

Inventory:

Hand Weapons
 i - a +0 mace
 Y - a +0 war axe (weapon)
Armour
 c - a +0 buckler (worn)
 j - a +0 chain mail (worn)
Jewellery
 b - a +4 ring of slaying (left hand) {mikee}
Scrolls
 a - 2 scrolls of teleportation
 k - a scroll of identify
Potions
 d - a potion of might
 e - a potion of haste
 f - a potion of curing
 h - a potion of heal wounds
 m - a potion of lignification

Dungeon Overview and Level Annotations

Branches:
Dungeon (3/15)

Altars:

Shops:
D:1 ?

Annotations:
D:3 Ijyb


Message History

You now have 81 gold pieces (gained 16).
You open the door.
A frilled lizard comes into view.
The frilled lizard hisses angrily.
There is an open door here.
Enter note: You miss the frilled lizard.
You block the frilled lizard's attack.
You miss the frilled lizard. The frilled lizard barely misses you.
The frilled lizard bites you but does no damage.
You closely miss the frilled lizard.
The frilled lizard bites you but does no damage.
You miss the frilled lizard. The frilled lizard barely misses you.
You hit the frilled lizard.
You kill the frilled lizard!
Ijyb the Twisted Goblin comes into view.
She is wielding a +0 dagger and carrying a wand of light (6).
Ijyb zaps a wand.
The bolt of light hits you!
You are confused.
2517 ||| DRINKING 3 potions of curing.
You feel better.
2517 ||| (to cure confusion) Ijyb hits you but does no damage.
You closely miss Ijyb.
Ijyb zaps a wand.
The bolt of light hits you!
You barely miss Ijyb. Ijyb hits you with a +0 dagger.
You hit Ijyb but do no damage. Ijyb hits you with a +0 dagger.
Ijyb zaps a wand.
The bolt of light hits you!
You are confused.
Ouch! That really hurt!
2522 ||| DRINKING 2 potions of curing.
You feel better.
2522 ||| (to cure confusion) Ijyb hits you with a +0 dagger.
2523 ||| READING 3 scrolls of teleportation.
As you read the scroll of teleportation, it crumbles to dust.
You feel strangely unstable.
Ijyb zaps a wand.
The bolt of light hits you!
Ouch! That really hurt!
You die...

... .... #..#######
.... ##.......#
.....
#........####....
...............# ..
#..............#
##.###.#...!.......#
#...#..#......@g...#
.......#...........#
.....#...#########
#...#...#
#...#...#### #
#...'........
#...#######.#
#.......# #.#
#.#..##.#...


You could see Ijyb.

Vanquished Creatures
  Jessica (D:2)
  A gnoll (D:1)
  4 worms (D:2)
  A dart slug (D:1)
  7 endoplasms
  3 giant cockroaches
  7 goblins
  3 hobgoblins (D:1)
  3 jackals (D:1)
  2 quokkas (D:1)
  3 ball pythons
  4 bats
  2 frilled lizards
  6 kobolds
  4 rats
51 creatures vanquished.

Notes
Turn   | Place    | Note
-------+----------+-------------------------------------------
     0 | D:1      | qw the Gargoyle Fighter began the quest for the Orb.
     0 | D:1      | Reached XP level 1. HP: 14/14 MP: 1/1
     0 | D:1      | 0 ||| qw: Version: 0.1-a-119-g272c26d
     0 | D:1      | 0 ||| qw: Game counter: 11208
     0 | D:1      | 0 ||| qw: Always use a shield: true
     0 | D:1      | 0 ||| qw: God list: Okawaru
     0 | D:1      | 0 ||| qw: Allow faded altars: false
     0 | D:1      | 0 ||| qw: Do Orc after D:15 true
     0 | D:1      | 0 ||| qw: Do second Lair branch before Depths: true
     0 | D:1      | 0 ||| qw: Lair rune preference: random
     0 | D:1      | 0 ||| qw: Plans: Normal, Zot, God:TSO, Crypt, Tomb, Pan,
                  | Slime, Hells, Zig, Abyss, Orb
     0 | D:1      | 0 ||| PLANNING D:1-11
    34 | D:1      | Reached skill level 2 in Axes
   125 | D:1      | 125 ||| READING scroll labelled EZIOMO LAIF.
   132 | D:1      | Reached XP level 2. HP: 18/19 MP: 2/2
   138 | D:1      | 138 ||| Stepping ~*~*~tactically~*~*~ (stealth).
   139 | D:1      | 139 ||| Stepping ~*~*~tactically~*~*~ (stealth).
   281 | D:1      | 281 ||| Stepping ~*~*~tactically~*~*~ (hiding).
   413 | D:1      | Reached skill level 3 in Axes
   544 | D:1      | Reached XP level 3. HP: 23/23 MP: 3/3
   691 | D:1      | 691 ||| Stepping ~*~*~tactically~*~*~ (stealth).
   697 | D:1      | 697 ||| Stepping ~*~*~tactically~*~*~ (stealth).
   936 | D:1      | Found a faded altar of an unknown god.
   962 | D:1      | 962 ||| Stepping ~*~*~tactically~*~*~ (hiding).
  1127 | D:1      | Found Sadwa's Magic Scroll Shoppe.
  1130 | D:1      | 1130 ||| BUYING scroll of identify (28 gold).
  1130 | D:1      | Bought a scroll of identify for 28 gold pieces
  1130 | D:1      | 1130 ||| SHOPLISTING scroll of identify (28 gold, have 24).
  1130 | D:1      | 1130 ||| SHOPLISTING scroll of teleportation (42 gold, have
                  | 24).
  1246 | D:1      | 1246 ||| UPGRADING to +0 chain mail.
  1256 | D:1      | 1256 ||| DROPPING +0 scale mail.
  1257 | D:1      | 1257 ||| READING 3 scrolls labelled QAFAEC BYDIU.
  1260 | D:1      | 1260 ||| READING scroll labelled ZUMPOR AFENEASCH.
  1261 | D:1      | 1261 ||| DRINKING 2 brown potions.
  1262 | D:1      | 1262 ||| READING 3 scrolls of identify.
  1262 | D:1      | 1262 ||| IDENTIFYING clear potion
  1263 | D:1      | 1263 ||| READING 2 scrolls of identify.
  1263 | D:1      | 1263 ||| IDENTIFYING murky sapphire potion
  1303 | D:2      | Noticed Jessica
  1307 | D:2      | Killed Jessica
  1308 | D:2      | Reached skill level 4 in Axes
  1308 | D:2      | Reached XP level 4. HP: 28/28 MP: 4/4
  1311 | D:2      | 1311 ||| Stepping ~*~*~tactically~*~*~ (stealth).
  1312 | D:2      | 1312 ||| Stepping ~*~*~tactically~*~*~ (stealth).
  1595 | D:2      | 1595 ||| DROPPING +0 club.
  1879 | D:2      | 1879 ||| FLEEEEING.
  1880 | D:2      | 1880 ||| FLEEEEING.
  1881 | D:2      | 1881 ||| FLEEEEING.
  1951 | D:2      | 1951 ||| FLEEEEING.
  2291 | D:2      | 2291 ||| UPGRADING to +4 ring of slaying {mikee}.
  2292 | D:2      | 2292 ||| READING 2 scrolls labelled UHULEFRUES.
  2293 | D:2      | 2293 ||| DRINKING 2 yellow potions.
  2397 | D:2      | 2397 ||| DRINKING 2 glowing yellow potions.
  2426 | D:2      | 2426 ||| DROPPING potion of berserk rage.
  2447 | D:2      | 2447 ||| DROPPING scroll of poison.
  2514 | D:3      | Noticed Ijyb
  2517 | D:3      | 2517 ||| DRINKING 3 potions of curing.
  2517 | D:3      | 2517 ||| (to cure confusion)
  2521 | D:3      | HP: 2/28 [Ijyb/bolt of light (14)]
  2522 | D:3      | 2522 ||| DRINKING 2 potions of curing.
  2522 | D:3      | 2522 ||| (to cure confusion)
  2523 | D:3      | 2523 ||| READING 3 scrolls of teleportation.
  2523 | D:3      | Killed from afar by Ijyb

Levels and vault maps discovered:
D:1:      elethiomel_arrival_quiet, layout_basic, serial_shops,
          nicolae_shop_window_shopping, ebering_ecumenical_altar_ruins
D:2:      layout_loops_ring, uniq_jessica
D:3:      layout_basic, nicolae_overflow_hidden_temple, vehumet_crystals,
          nicolae_uskayaw_dance_hall, kennysheep_generic_room_12, uniq_ijyb

Skill      XL: |  1  2  3 |
---------------+----------+-----
Axes           | 2 3 4 |  4.4
Fighting       | |  3.2
Armour         | |  3.2
Shields        | |  3.2

Action                   |  1- 3 |  4- 6 || total
-------------------------+-------+-------++-------
Melee: War axe           |    96 |    56 ||   152
  Use: Scroll            |     5 |     2 ||     7
       Potion            |     1 |     4 ||     5
Armor: Scale mail        |    48 |       ||    48
       Chain mail        |     1 |    16 ||    17
Dodge: Dodged            |    45 |    13 ||    58
Block: Buckler           |    21 |     8 ||    29

Table legend:
 A = Non-vault XP
 B = Vault XP
 C = Vault XP percentage of total XP
 D = Non-vault monster count
 E = Vault monster count
 F = Vault count percentage of total count
                 A         B        C        D         E       F
            +---------+---------+-------+---------+---------+-------
      Total |     110 |      37 |  25.2 |      50 |       1 |   2.0
            +---------+---------+-------+---------+---------+-------
        D:1 |      68 |       0 |   0.0 |      30 |       0 |   0.0
        D:2 |      40 |      37 |  48.1 |      18 |       1 |   5.3
        D:3 |       2 |       0 |   0.0 |       2 |       0 |   0.0
            +---------+---------+-------+---------+---------+-------
